 Dungeon Crawl Stone Soup version 0.31-a0-202-g547052bce9 (webtiles) character file.

Game seed: 1295071939095522107

373 qw the Skirmisher (level 6, 0/36 HPs)
             Began as a Deep Elf Hunter on June 26, 2023.
             Slain by a scorpion (4 damage)
             ... on level 5 of the Dungeon.
             The game lasted 00:01:19 (3056 turns).

qw the Skirmisher (Deep Elf Hunter)                 Turns: 3056, Time: 00:01:19

Health: 0/36       AC: 10    Str: 16    XL:     6   Next: 43%
Magic:  8/8        EV: 12    Int: 14    God:
Gold:   124        SH:  0    Dex: 18    Spells: 5/5 levels left

rFire   . . .        Y - +0 shortbow (freeze)
rCold   . . .        (shield currently unavailable)
rNeg    . . .        f - +0 ring mail
rPois   .            a - +0 helmet
rElec   .            e - +0 cloak
rCorr   .            d - +2 pair of gloves
SInv    .            (no boots)
Will    .....        (no amulet)
Stlth   +            c - +6 ring of strength
HPRegen 0.26/turn    (no ring)
MPRegen 0.11/turn

%: no passive effects
@: no status effects
A: no striking features
a: no special abilities


You were on level 5 of the Dungeon.
You visited 2 branches of the dungeon, and saw 6 of its levels.

You collected 124 gold pieces.


   Skills:
 - Level 2.7 Fighting
 + Level 9.1 Ranged Weapons
 - Level 1.0 Armour
 - Level 3.0 Dodging
 - Level 1.2 Stealth


You had 5 spell levels left.
You didn't know any spells.
Your spell library was empty.

Inventory:

Hand Weapons
 Y - a +0 shortbow of freezing (weapon)
Armour
 a - a +0 helmet (worn)
 b - a +1 pair of boots
 d - a +2 pair of gloves (worn)
 e - a +0 cloak (worn)
 f - a +0 ring mail (worn)
Jewellery
 c - a +6 ring of strength (left hand)
Potions
 g - a potion of might
 h - a potion of lignification {unknown}
 i - 2 potions of curing
 j - a potion of cancellation {unknown}

Dungeon Overview and Level Annotations

Branches:
Dungeon (5/15)             Temple (1/1) D:4

Altars:
Ashenzari
Dithmenos
Elyvilon
Gozag
Kikubaaqudgha
Makhleb
Qazlal
Ru
Sif Muna
Trog
Uskayaw
Vehumet
Wu Jian
Xom
Yredelemnul


Message History

The iguana bites you but does no damage.
The water moccasin bites you.
You shoot an arrow. The arrow hits the water moccasin!
The water moccasin seems to slow down.
The arrow freezes the water moccasin.
You kill the water moccasin!
The iguana bites you but does no damage.
A scorpion comes into view.
Your Fighting skill increases to level 2!
You have reached level 6!
You shoot an arrow. The arrow hits the hound.
The arrow freezes the hound.
The hound is heavily wounded.
The hound closely misses you. The iguana bites you.
You shoot an arrow. The arrow hits the hound.
The arrow freezes the hound.
The hound is heavily wounded.
The hound bites you. The iguana bites you! The hound barely misses you.
You shoot an arrow. The arrow hits the hound.
The arrow freezes the hound.
The hound is severely wounded.
The hound bites you but does no damage.
An iguana comes into view.
The iguana closely misses you. The hound bites you but does no damage.
You shoot an arrow. The arrow hits the hound.
The arrow freezes the hound.
The hound is almost dead.
The iguana bites you but does no damage.
The hound misses you.
You shoot an arrow. The arrow closely misses the hound.
The hound bites you but does no damage.
The iguana bites you but does no damage.
The hound bites you but does no damage.
You shoot an arrow. The arrow hits the hound.
The arrow freezes the hound.
You kill the hound!
The iguana hisses menacingly.
The iguana closely misses you.
Your Dodging skill increases to level 3!
You shoot an arrow. The arrow closely misses the scorpion.
The scorpion stings you. The scorpion misses you.
You shoot an arrow. The arrow closely misses the scorpion.
The iguana misses you. The scorpion barely misses you.
You shoot an arrow. The arrow closely misses the scorpion.
The iguana bites you! The iguana misses you. The scorpion stings you.
You die...

#.# #.# ##### ..#
..... #. #.# ....
#. #.######..7
#.####.##..ls..7
#.#....#...@l..7
#....#.#....#...7
#...........#
.....
##...#.#[...#
.... ##.##....(.#
### #.#########
###.########
#...........
#.#.########


You could see a scorpion and 2 iguanas.

Vanquished Creatures
  A water moccasin (D:5)
  A hound (D:5)
  An orc priest (D:4)
  A jelly (D:4)
  Terence (D:2)
  An iguana (D:4)
  2 adders (D:2)
  4 worms
  4 dart slugs
  9 orcs (D:4)
  6 bats
  7 endoplasms
  3 giant cockroaches
  7 hobgoblins
  3 jackals (D:1)
  8 kobolds
  3 quokkas
  8 ball pythons
  2 frilled lizards
  6 goblins
  7 rats
85 creatures vanquished.

Notes
Turn   | Place    | Note
-------+----------+-------------------------------------------
     0 | D:1      | qw the Deep Elf Hunter began the quest for the Orb.
     0 | D:1      | Reached XP level 1. HP: 12/12 MP: 3/3
     0 | D:1      | 0 ||| qw: Version: 0.3-a-22-g0ed2b0b
     0 | D:1      | 0 ||| qw: Game counter: 5965
     0 | D:1      | 0 ||| qw: Melee chars always use a shield: true
     0 | D:1      | 0 ||| qw: God list: Okawaru
     0 | D:1      | 0 ||| qw: Allow faded altars: false
     0 | D:1      | 0 ||| qw: Do Orc after clearing Dungeon:15 true
     0 | D:1      | 0 ||| qw: Do second Lair branch before Depths: true
     0 | D:1      | 0 ||| qw: Lair rune preference: random
     0 | D:1      | 0 ||| qw: Goals: Normal
     0 | D:1      | 0 ||| PLANNING D:1-11
    93 | D:1      | Reached skill level 6 in Ranged Weapons
    93 | D:1      | Reached XP level 2. HP: 11/16 MP: 4/4
   324 | D:1      | Reached XP level 3. HP: 20/20 MP: 5/5
   337 | D:1      | Found a faded altar of an unknown god.
   666 | D:1      | 666 ||| UPGRADING to +0 pair of gloves.
   671 | D:1      | 671 ||| UPGRADING to +0 cloak.
   676 | D:1      | 676 ||| READING 3 scrolls labelled HIEVAI UBBEGH.
   677 | D:1      | 677 ||| READING 2 scrolls of enchant armour.
   677 | D:1      | 677 ||| ENCHANTING +0 pair of gloves.
   678 | D:1      | 678 ||| READING scroll of enchant armour.
   678 | D:1      | 678 ||| ENCHANTING +1 pair of gloves.
   679 | D:1      | 679 ||| READING 3 scrolls labelled NAN TEWUW QEPT.
   680 | D:1      | 680 ||| READING scroll labelled CEROGG YSEN.
   681 | D:1      | 681 ||| DROPPING scroll of butterflies.
   682 | D:1      | 682 ||| DROPPING 2 scrolls of revelation.
   858 | D:2      | Reached skill level 7 in Ranged Weapons
   860 | D:2      | Noticed Terence
   863 | D:2      | 863 ||| FLEEEEING.
   864 | D:2      | 864 ||| FLEEEEING.
   865 | D:2      | 865 ||| FLEEEEING.
   868 | D:2      | 868 ||| FLEEEEING.
   869 | D:2      | 869 ||| FLEEEEING.
   870 | D:2      | 870 ||| FLEEEEING.
   871 | D:2      | 871 ||| FLEEEEING.
   872 | D:2      | 872 ||| FLEEEEING.
   877 | D:2      | 877 ||| FLEEEEING.
   887 | D:2      | Killed Terence
   888 | D:2      | Reached XP level 4. HP: 25/25 MP: 6/6
  1284 | D:2      | Reached skill level 8 in Ranged Weapons
  1361 | D:2      | 1361 ||| UPGRADING to +0 helmet.
  1366 | D:2      | 1366 ||| UPGRADING to +0 scale mail.
  1376 | D:2      | 1376 ||| DROPPING +0 leather armour.
  1377 | D:2      | 1377 ||| DROPPING ring of magical power.
  1378 | D:2      | 1378 ||| READING scroll labelled WOPNAIMIJU.
  1379 | D:2      | 1379 ||| READING scroll labelled UPUC SEATO.
  1380 | D:2      | 1380 ||| READING scroll labelled SULOIDDU XOQEA.
  1381 | D:2      | 1381 ||| DRINKING 2 sedimented blue potions.
  1442 | D:3      | Identified the +0 quarterstaff of the Uplifting Traitor
                  | {chaos, Dex+3}
  1724 | D:3      | Reached skill level 1 in Armour
  2051 | D:3      | Found a shimmering altar of Xom.
  2065 | D:3      | 2065 ||| UPGRADING to +0 ring mail.
  2075 | D:3      | 2075 ||| DROPPING +0 scale mail.
  2076 | D:3      | 2076 ||| UPGRADING to +6 ring of strength.
  2077 | D:3      | 2077 ||| READING scroll labelled GEF FUDONEO.
  2178 | D:3      | 2178 ||| DRINKING 2 golden potions.
  2179 | D:3      | 2179 ||| DROPPING potion of magic.
  2241 | D:4      | Reached XP level 5. HP: 26/29 MP: 7/7
  2307 | D:4      | 2307 ||| FLEEEEING.
  2308 | D:4      | 2308 ||| FLEEEEING.
  2309 | D:4      | 2309 ||| FLEEEEING.
  2310 | D:4      | 2310 ||| FLEEEEING.
  2311 | D:4      | 2311 ||| FLEEEEING.
  2312 | D:4      | 2312 ||| FLEEEEING.
  2313 | D:4      | 2313 ||| FLEEEEING.
  2314 | D:4      | 2314 ||| FLEEEEING.
  2315 | D:4      | 2315 ||| FLEEEEING.
  2316 | D:4      | 2316 ||| FLEEEEING.
  2317 | D:4      | 2317 ||| FLEEEEING.
  2318 | D:4      | 2318 ||| FLEEEEING.
  2319 | D:4      | 2319 ||| FLEEEEING.
  2320 | D:4      | 2320 ||| FLEEEEING.
  2321 | D:4      | 2321 ||| FLEEEEING.
  2322 | D:4      | 2322 ||| FLEEEEING.
  2323 | D:4      | 2323 ||| FLEEEEING.
  2324 | D:4      | 2324 ||| STAIRDANCE
  2509 | D:4      | Found a staircase to the Ecumenical Temple.
  2510 | D:4      | 2510 ||| PLANNING TEMPLE
  2510 | D:4      | 2510 ||| DRINKING 2 silvery potions.
  2511 | D:4      | 2511 ||| DROPPING potion of attraction.
  2521 | Temple   | Entered the Ecumenical Temple
  2579 | Temple   | 2579 ||| PLANNING D:1-11
  2637 | D:4      | Reached skill level 9 in Ranged Weapons
  2643 | D:4      | Found a bloodstained altar of Trog.
  2793 | D:4      | 2793 ||| DRINKING 2 red potions.
  2794 | D:4      | 2794 ||| DRINKING 2 sedimented dark potions.
  2795 | D:4      | 2795 ||| DRINKING 2 yellow potions.
  2899 | D:4      | 2899 ||| DROPPING potion of brilliance.
  2900 | D:4      | 2900 ||| DROPPING potion of berserk rage.
  2930 | D:5      | Entered Level 5 of the Dungeon
  3041 | D:5      | Noticed a water moccasin
  3047 | D:5      | Killed a water moccasin
  3048 | D:5      | Reached XP level 6. HP: 21/36 MP: 8/8
  3054 | D:5      | Reached skill level 3 in Dodging
  3056 | D:5      | HP: 4/36 [iguana (7)]
  3056 | D:5      | Slain by a scorpion

Levels and vault maps discovered:
D:1:      minmay_arrival_split_and_join, layout_rooms,
          shapermc_ecumenical_altar_mp_highgroup, minmay_pentomino_v4
D:2:      layout_basic, uniq_terence
D:3:      layout_loops_ring, lemuel_crystal_altar, nrook_campfire,
          minmay_misc_feat_room
D:4:      layout_rooms, lemuel_doored_altar, minmay_temple_entry_stoned_glass
D:5:      layout_loops_ring, serial_glass, glass_columns_b, glass_columns_a,
          nicolae_zen_rock_garden, hangedman_decor_slide_cut,
          kennysheep_generic_room_7
Temple:   nicolae_temple_god_jail

Skill      XL: |  1  2  3  4  5  6 |
---------------+-------------------+-----
Ranged Weapons | 6 7 8 9 |  9.1
Armour         | 1 |  1.0
Fighting       | 2 |  2.7
Dodging        | 3 |  3.0
Stealth        | |  1.2

Action                     |  1- 3 |  4- 6 || total
---------------------------+-------+-------++-------
   Fire: Shortbow          |    90 |   142 ||   232
    Use: Scroll            |     5 |     4 ||     9
         Potion            |       |     6 ||     6
 Armour: Leather armour    |     5 |     1 ||     6
         Scale mail        |       |     8 ||     8
         Ring mail         |       |    21 ||    21
  Dodge: Dodged            |    17 |    33 ||    50

Table legend:
 A = Non-vault XP
 B = Vault XP
 C = Vault XP percentage of total XP
 D = Non-vault monster count
 E = Vault monster count
 F = Vault count percentage of total count
                 A         B        C        D         E       F
            +---------+---------+-------+---------+---------+-------
      Total |     441 |      92 |  17.3 |      76 |       9 |  10.6
            +---------+---------+-------+---------+---------+-------
        D:1 |      46 |      13 |  22.0 |      26 |       7 |  21.2
        D:2 |      55 |      36 |  39.6 |      14 |       1 |   6.7
        D:3 |      35 |       0 |   0.0 |      16 |       0 |   0.0
        D:4 |     158 |       0 |   0.0 |      19 |       0 |   0.0
        D:5 |     147 |      43 |  22.6 |       1 |       1 |  50.0
            +---------+---------+-------+---------+---------+-------
